 Dungeon Crawl Stone Soup version 0.22-a0-429-g97ce8ef (webtiles) character file.

138950 Jynxie the Earth Mage (level 16, -12/148 HPs)
             Began as a Deep Dwarf Earth Elementalist on May 25, 2018.
             Was the Champion of Makhleb.
             Mangled by a tyrant leech (29 damage)
             ... on level 4 of the Swamp on May 26, 2018.
             The game lasted 05:31:06 (48199 turns).

Jynxie the Earth Mage (DDEE)                       Turns: 48199, Time: 05:31:07

Health: -12/148    AC: 17    Str: 19    XL:     16   Next: 72%
Magic:  0/3        EV: 14    Int: 24    God:    Makhleb [******]
Gold:   598        SH: 18    Dex: 13    Spells: 12/29 levels left

rFire    . . .     SeeInvis +   V - +9 rapier (venom)
rCold    + . .     Gourm    .   Z - +5 shield {rF+}
rNeg     + + +     Faith    .   q - +3 leather armour {MR+}
rPois    +         Spirit   .   m - +1 helmet of the Guardian {Str+3 Int+3}
rElec    +         Reflect  .   E - +2 cloak
rCorr    .         Harm     .   O - +1 pair of gloves of the Empire {MR+ Dex-2 SInv}
MR       ++++.     Rnd*Rage +   j - +2 pair of boots {Stlth+}
Stlth    +++.......             (no amulet)
HPRegen  0.00/turn              J - ring of Tydeqate {Ice rElec rN++ Str+2 Dex+2}
MPRegen  0.08/turn              T - ring of poison resistance

@: marked, non-regenerating, hasted, very quick
A: damage resistance, heal wounds, berserk 1, negative energy resistance 1,
sense surroundings 2, no regeneration
a: Heal Wounds, Minor Destruction, Lesser Servant of Makhleb, Major Destruction,
Greater Servant of Makhleb, Renounce Religion


You were on level 4 of the Swamp.
You worshipped Makhleb.
Makhleb was exalted by your worship.
You were not hungry.

You visited 5 branches of the dungeon, and saw 28 of its levels.
You also visited: Bailey and Ice Cave.

You collected 3645 gold pieces.
You spent 3047 gold pieces at shops.

Inventory:

Hand Weapons
 V - a +9 rapier of venom (weapon)
   (You found it on level 8 of the Dungeon)
Missiles
 b - 142 stones
 Y - a throwing net (quivered) {!f}
Armour
 j - a +2 pair of boots of stealth (worn)
   (You bought it in a shop on level 7 of the Dungeon)
 m - the +1 helmet of the Guardian (worn) {Str+3 Int+3}
   (You bought it in a shop on level 2 of the Orcish Mines)

   It affects your strength (+3).
   It affects your intelligence (+3).
 n - a +1 leather armour of fire resistance
   (You took it off an orc on level 1 of the Orcish Mines)
 q - a +3 leather armour of magic resistance (worn)
   (You bought it in a shop on level 7 of the Dungeon)
 w - the +2 leather armour "Mubo" {*Contam rPois rN+ MP+9, unknown}
   (You found it on level 1 of the Swamp)

   It protects you from poison.
   It protects you from negative energy.
   It affects your magic capacity (+9).
   It causes magical contamination when unequipped.
 B - +0 acid dragon scales
   (You found it on level 13 of the Dungeon)
 C - +0 swamp dragon scales
   (You found it on level 2 of the Swamp)
 E - a +2 cloak (worn)
   (You took it off Crazy Yiuf on level 7 of the Dungeon)
 I - a +2 robe of positive energy
   (You took it off an orc sorcerer on level 2 of the Orcish Mines)
 O - the +1 pair of gloves of the Empire (worn) {MR+ Dex-2 SInv}
   (You found it on level 2 of the Lair of Beasts)

   It affects your dexterity (-2).
   It affects your resistance to hostile enchantments.
   It lets you see invisible.
 Z - a +5 shield of fire resistance (worn)
   (You bought it in a shop on level 7 of the Dungeon)
Magical Staves
 K - an uncursed staff of wizardry {!a}
   (You bought it in a shop on level 2 of the Orcish Mines)
 M - an uncursed staff of power {!a}
   (You found it on level 10 of the Dungeon)
Jewellery
 l - an uncursed ring of protection from magic
   (You found it on level 12 of the Dungeon)
 D - an uncursed ring of wizardry
   (You found it on level 1 of the Lair of Beasts)
 H - an uncursed ring of protection from fire
   (You found it on level 8 of the Dungeon)
 J - the ring of Tydeqate (left hand) {Ice rElec rN++ Str+2 Dex+2}
   (You found it on level 6 of the Lair of Beasts)

   [ring of ice]

   It enhances your ice magic.
   It affects your strength (+2).
   It affects your dexterity (+2).
   It makes you vulnerable to fire.
   It protects you from cold.
   It insulates you from electricity.
   It greatly protects you from negative energy.
 P - the ring "Emomasid" {rN+ Stlth+}
   (You found it in an ice cave)

   [ring of stealth]

   It protects you from negative energy.
   It makes you more stealthy.
 S - an uncursed ring of ice
   (You found it on level 11 of the Dungeon)
 T - a ring of poison resistance (right hand)
   (You found it in an ice cave)
Wands
 c - a wand of disintegration (15) {!d}
   (You found it on level 4 of the Lair of Beasts)
 d - a wand of iceblast (45)
   (You took it off Ijyb on level 3 of the Dungeon)
 s - a wand of polymorph (46)
   (You took it off Robin on level 2 of the Dungeon)
 t - a wand of flame (51)
   (You found it on level 1 of the Swamp)
 u - a wand of paralysis (71)
   (You found it on level 10 of the Dungeon)
 v - a wand of digging (11)
   (You took it off a kobold on level 12 of the Dungeon)
Scrolls
 a - 4 scrolls of teleportation {@r4}
 g - a scroll of brand weapon
 h - 4 scrolls of immolation {!r}
 k - a scroll of enchant weapon
 x - a scroll of enchant armour
 y - 4 scrolls of blinking
 z - 2 scrolls of fear
 F - 2 scrolls of summoning
 G - a scroll of remove curse {@r2}
 L - 2 scrolls of torment {!r}
 Q - 4 scrolls of fog
 R - 7 scrolls of amnesia
 X - a scroll of magic mapping
Potions
 f - 9 potions of mutation {!q}
 i - 4 potions of brilliance
 o - 7 potions of flight
 p - 2 potions of invisibility
 r - a potion of haste {@q3}
 N - 5 potions of ambrosia
 U - a potion of cancellation
Comestibles
 e - 12 rations {!d}
 A - a chunk of flesh


   Skills:
 + Level 10.9 Fighting
 - Level 8.0 Short Blades
 - Level 1.0 Throwing
 - Level 4.9 Armour
 - Level 6.0 Dodging
 - Level 3.0 Stealth
 * Level 13.1 Shields
 - Level 7.0 Spellcasting
 * Level 6.7 Conjurations
 - Level 0.8 Transmutations
 * Level 20.4 Earth Magic
 - Level 13.0 Invocations
 - Level 9.0 Evocations


You had 12 spell levels left.
You knew the following spells:

 Your Spells              Type           Power        Failure   Level  Hunger
a - Sandblast             Erth           ######       0%          1    None
b - Stone Arrow           Conj/Erth      ######       1%          3    None
c - Lee's Rapid Deconstr  Erth           #######...   1%          5    #####..
d - Passwall              Tmut/Erth      ######..     1%          2    None
e - Petrify               Tmut/Erth      ######..     1%          4    ###....
s - Swiftness             Chrm/Air       #.......     16%         2    None

Your spell library contained the following spells:

 Spells                   Type           Power        Failure   Level  Hunger
 Cause Fear               Hex            #.........   71%         4    ###....
 Magic Dart               Conj           ####         1%          1    None
 Conjure Flame            Conj/Fire      ###.....     8%          3    None
 Lightning Bolt           Conj/Air       ###.......   58%         5    #####..
 Slow                     Hex            #.......     16%         2    None
 Invisibility             Hex            #.......     100%        6    ######.
 Throw Frost              Conj/Ice       #####.       4%          2    None
 Freezing Cloud           Conj/Ice/Air   ####......   100%        6    ######.
 Mephitic Cloud           Conj/Pois/Air  ###.....     13%         3    None
 Ring of Flames           Chrm/Fire      #.........   100%        7    #######
 Lehudib's Crystal Spear  Conj/Erth      ######....   95%         8    #######
 Fire Storm               Conj/Fire      ###.......   100%        9    #######
 Blink                    Tloc           N/A          16%         2    None
 Freeze                   Ice            ##..         11%         1    None
 Sticky Flame             Conj/Fire      ###.....     26%         4    ###....
 Summon Ice Beast         Ice/Summ       ##......     71%         4    ###....
 Ozocubu's Armour         Chrm/Ice       ##......     30%         3    None
 Call Imp                 Summ           #.......     16%         2    None
 Poison Arrow             Conj/Pois      ###.......   99%         6    ######.
 Shock                    Conj/Air       ###.         2%          1    None
 Statue Form              Tmut/Erth      ######...    21%         6    ######.
 Dragon Form              Tmut           ##........   100%        7    #######
 Deflect Missiles         Chrm/Air       #.........   100%        6    ######.
 Throw Icicle             Conj/Ice       #####...     26%         4    ###....
 Glaciate                 Conj/Ice       #####.....   100%        9    #######
 Airstrike                Air            #.........   71%         4    ###....
 Silence                  Hex/Air        #.........   96%         5    #####..
 Static Discharge         Conj/Air       ###.....     8%          3    None
 Corona                   Hex            #......      11%         1    None
 Conjure Ball Lightning   Conj/Air       ###.......   99%         6    ######.
 Chain Lightning          Conj/Air       ###.......   100%        8    #######
 Portal Projectile        Hex/Tloc       #.....       30%         3    None
 Passage of Golubria      Tloc           N/A          71%         4    ###....
 Tornado                  Air            #.........   100%        9    #######
 Leda's Liquefaction      Hex/Erth       ######....   1%          4    ###....
 Darkness                 Hex            #.........   100%        6    ######.
 Inner Flame              Hex/Fire       #.......     30%         3    None
 Searing Ray              Conj           #####.       1%          2    None
 Summon Lightning Spire   Summ/Air       #.......     71%         4    ###....
 Hydra Form               Tmut           ##........   100%        6    ######.
 Irradiate                Conj/Tmut      ####......   52%         5    #####..
 Poisonous Vapours        Pois/Air       #.....       16%         2    None


Dungeon Overview and Level Annotations

Branches:
Dungeon (15/15)            Temple (1/1) D:4            Lair (6/6) D:9
  Swamp (4/4) Lair:2       Spider (0/4) Lair:4        Slime (0/5) Lair:6
    Orc (2/2) D:10            Elf (0/3) Orc:2        Vaults (0/5) D:14
 Depths (0/5) D:15

Altars:
Ashenzari
Cheibriados
Dithmenos
Elyvilon
Fedhas
Gozag
Hepliaklqana
Kikubaaqudgha
Makhleb
Nemelex Xobeh
Okawaru
Qazlal
Ru
Sif Muna
Trog
Uskayaw
Vehumet
Wu Jian
Xom
Yredelemnul
Zin
The Shining One
Beogh

Shops:
D:7 [   D:8 }   D:9 (   D:13 %   D:14 (   D:15 *   Orc:2 !%:*

Annotations:
Swamp:4 Bai Suzhen


Innate Abilities, Weirdness & Mutations

You are resistant to damage.
You can heal yourself by infusing magical energy.
You resist negative energy. (rN+)
You passively map the area around you.
You do not regenerate.
You tend to lose your temper in combat.


Message History

Moving in this stuff is going to be slow.
The thorn hunter is too close now for your liking.
You don't have enough magic to cast that spell.
Aim: a thorn hunter The stone arrow hits the thorn hunter.
The thorn hunter fires a volley of thorns at you.
You block the volley of thorns.
You feel yourself speed up.
The thorn hunter fires a volley of thorns at you.
You block the volley of thorns. The thorn hunter hits you!
* * * LOW HITPOINT WARNING * * *
The thorn hunter closely misses you. The thorn hunter hits you!
* * * LOW HITPOINT WARNING * * *
You block the thorn hunter's attack. You block the thorn hunter's attack.
The thorn hunter misses you.
Your magical contamination has completely faded away.
Found a scroll of remove curse.
A tyrant leech comes into view.
The thorn hunter hits you. The thorn hunter barely misses you.
You hit the thorn hunter. You puncture the thorn hunter!
You block the thorn hunter's attack.
The thorn hunter hits you but does no damage.
You puncture the thorn hunter!
The thorn hunter looks as sick as possible!
You hit the thorn hunter.
The thorn hunter looks as sick as possible!
The thorn hunter fires a volley of thorns at you.
The volley of thorns hits you!
* * * LOW HITPOINT WARNING * * *
You hit the thorn hunter but do no damage.
You block the swamp drake's attack. You block the thorn hunter's attack.
The thorn hunter closely misses you.
You hit the thorn hunter.
The thorn hunter looks as sick as possible!
You hit the thorn hunter but do no damage.
The swamp drake closely misses you. The thorn hunter misses you.
The thorn hunter hits you but does no damage.
Unknown command.
You puncture the thorn hunter!
You hit the thorn hunter but do no damage.
The thorn hunter gestures.
You block the swamp drake's attack. The tyrant leech bites you!!
* * * LOW HITPOINT WARNING * * *
You barely miss the thorn hunter. The thorn hunter hits you!!
* * * LOW HITPOINT WARNING * * *
You block the thorn hunter's attack.
You completely miss the thorn hunter. The swamp drake barely misses you.
The tyrant leech bites you!!
You die...

≈....≈≈≈.♣..≈≈≈≈≈≈≈≈.♣♣
≈≈≈≈.≈≈≈≈≈♣♣...≈≈≈≈≈.≈♣♣
≈≈≈≈≈≈≈≈<≈♣♣≈♣♣.≈≈≈≈^≈♣
≈≈≈≈≈≈≈..≈♣♣♣♣♣.≈≈≈..♣♣
≈§§..≈≈≈.♣♣ ♣≈..≈§.♣♣♣♣
≈♣♣♣§≈.§≈.♣ ♣≈.≈≈≈.≈.≈♣
♣≈..≈≈♣♣ ♣ ♣≈.≈≈≈.♣♣♣♣
♣.≈.≈♣♣ ♣≈♣♣≈≈≈≈♣♣ ≈ *
♣≈≈≈♣♣ *♣..@f♣♣♣♣ ♣≈≈§
♣.≈wk≈.♣ * ♣♣.. ♣.≈≈≈≈?♣
* ♣.≈≈≈≈.≈♣ ♣..≈≈≈.≈♣ ≈
≈ ≈≈..≈≈≈♣♣♣ ≈ ≈≈≈≈.♣♣♣*
** ≈≈≈≈≈♣ ≈ ≈ *


You could see a thorn hunter, a tyrant leech and a swamp drake.

Vanquished Creatures
  Frances (D:12)
  5 thorn hunters
  2 orc warlords (Orc:2)
  A stone giant (Orc:2)
  Nessos (Orc:2)
  A fire dragon (Lair:6)
  Harold (Orc:1)
  19 hydras
  2 ice dragons (D:15)
  3 ghost crabs
  A death knight (D:15)
  A centaur warrior (D:13)
  10 alligators
  3 catoblepae
  3 death yaks
  4 two-headed ogres
  4 orc high priests (Orc:2)
  6 spriggans
  4 skeletal warriors
  An iron troll (D:14)
  An unseen horror (D:10)
  A shambling mangrove (Lair:2)
  4 swamp dragons
  4 orc knights
  A wolf spider zombie (D:13)
  A lindwurm (Lair:6)
  A deep elf mage (D:12)
  A necromancer (D:14)
  4 orc sorcerers (Orc:2)
  3 manticores
  A wolf spider (Lair:6)
  4 cyclopes
  9 elephants
  2 ugly things (D:11)
  A centaur zombie (D:14)
  2 molten gargoyles (Lair:6)
  8 black mambas
  16 spiny frogs
  A gargoyle (D:15)
  A torpor snail (Lair:5)
  2 kobold demonologists
  A rime drake (shapeshifter) (D:13)
  14 komodo dragons
  3 rime drakes
  A freezing wraith (D:15)
  2 tengu conjurers (D:14)
  5 trolls
  9 polar bears (IceCv)
  8 tyrant leeches
  Grinder (D:5)
  9 hornets
  7 bog bodies
  13 blink frogs
  28 slime creatures
  4 hippogriffs
  A shadow (Swamp:2)
  4 wraiths
  A centaur simulacrum (D:12)
  70 yaks
  A tarantella (Lair:4)
  Eustachio (D:6)
  6 wyverns
  A human (D:9)
  2 hungry ghosts
  19 vampire mosquitoes
  2 steam dragons
  9 basilisks
  7 wargs
  19 swamp worms
  An acid dragon (D:13)
  18 insubstantial wisps
  16 water moccasins
  6 hell hounds
  4 porcupines
  55 orc warriors
  4 ice beasts
  6 swamp drakes
  2 phantoms
  2 sky beasts
  2 necrophages
  2 eyes of draining
  19 ogres
  24 wolves
  4 centaurs
  11 crocodiles
  5 big kobolds
  The ghost of Tiareth the Firebug, an amateur DEFE of the Shining One (D:3)
  2 gnoll sergeants
  15 bullfrogs
  A wyvern zombie (D:14)
  A wyvern skeleton (D:15)
  2 scorpions
  A water moccasin skeleton (D:10)
  6 killer bees (D:8)
  17 wights
  2 electric eels (Lair:2)
  A howler monkey (D:4)
  7 crimson imps
  5 lava snakes (Lair:6)
  3 bullfrog zombies
  A quasit (D:8)
  7 hounds
  5 jellies
  3 centaur skeletons
  22 orc wizards
  Crazy Yiuf (D:7)
  37 orc priests
  2 bullfrog skeletons
  4 iguanas
  Ijyb (D:3)
  12 worker ants
  3 hound skeletons
  A hound zombie (D:6)
  Robin (D:2)
  A howler monkey zombie (D:6)
  2 worker ant zombies
  15 gnolls
  12 adders
  2 shadow imps
  An adder skeleton (D:7)
  An adder zombie (D:7)
  2 worms (D:2)
  2 dart slugs
  5 leopard geckos
  121 orcs
  2 ball pythons
  4 giant cockroaches
  21 goblins
  9 hobgoblins
  11 jackals
  5 quokkas
  8 bats
  6 frilled lizards
  A jackal skeleton (D:4)
  47 kobolds
  A leopard gecko skeleton (D:4)
  9 rats
  A fungus (Lair:2)
  2 plants
1025 creatures vanquished.

Vanquished Creatures (collateral kills)
  4 oklob plants (Lair:2)
4 creatures vanquished.

Vanquished Creatures (others)
  A spriggan (Swamp:2)
  A tyrant leech (Swamp:2)
  8 polar bears (IceCv)
  2 hornets (Swamp:2)
  A blink frog (Swamp:4)
  A shadow (Swamp:1)
  An insubstantial wisp (Swamp:2)
  3 wolves (IceCv)
  An orc priest (Orc:1)
  An orc wizard (Orc:1)
  An orc (Orc:1)
  3 briar patches
  A bush (Lair:6)
  7 fungi
  11 plants
43 creatures vanquished.

Grand Total: 1072 creatures vanquished

Notes
Turn   | Place    | Note
-------+----------+-------------------------------------------
     0 | D:1      | Jynxie the Deep Dwarf Earth Elementalist began the quest for the Orb.
     0 | D:1      | Reached XP level 1. HP: 15/15 MP: 3/3
   121 | D:1      | Reached XP level 2. HP: 19/22 MP: 2/4
   181 | D:1      | Reached skill level 5 in Earth Magic
   965 | D:2      | Reached XP level 3. HP: 25/28 MP: 5/5
  1232 | D:2      | Learned a level 3 spell: Stone Arrow
  1306 | D:2      | Reached XP level 4. HP: 29/37 MP: 6/6
  1316 | D:2      | Reached skill level 1 in Shields
  1413 | D:2      | Found an ornate altar of the Wu Jian Council.
  1598 | D:2      | Reached skill level 1 in Short Blades
  1709 | D:2      | Reached skill level 1 in Fighting
  1709 | D:2      | Reached skill level 1 in Throwing
  1807 | D:2      | Noticed Robin
  2021 | D:2      | Killed Robin
  2592 | D:3      | Reached XP level 5. HP: 42/44 MP: 0/7
  2670 | D:3      | Reached skill level 6 in Earth Magic
  2732 | D:3      | Noticed Ijyb
  2741 | D:3      | Killed Ijyb
  2802 | D:3      | Reached XP level 6. HP: 34/52 MP: 2/9
  3009 | D:3      | Found a shadowy altar of Dithmenos.
  3145 | D:3      | Noticed Tiareth's ghost (amateur DEFE)
  3191 | D:3      | Killed Tiareth's ghost
  3449 | D:3      | Reached skill level 7 in Earth Magic
  3478 | D:3      | Found a shimmering altar of Xom.
  3776 | D:4      | Reached XP level 7. HP: 50/61 MP: 0/10
  3781 | D:4      | Found a staircase to the Ecumenical Temple.
  3798 | Temple   | Entered the Ecumenical Temple
  3806 | Temple   | Became a worshipper of Makhleb the Destroyer
  4270 | D:4      | Found a glowing golden altar of the Shining One.
  4958 | D:5      | Entered Level 5 of the Dungeon
  5239 | D:5      | Found a shimmering altar of Xom.
  5330 | D:5      | Reached skill level 8 in Earth Magic
  5462 | D:5      | Noticed Grinder
  5469 | D:5      | Killed Grinder
  5469 | D:5      | Reached XP level 8. HP: 69/69 MP: 7/11
  5683 | D:5      | Found a glowing silver altar of Zin.
  5905 | D:6      | Reached skill level 9 in Earth Magic
  6171 | D:6      | Noticed Eustachio
  6176 | D:6      | Killed Eustachio
  6267 | D:6      | Reached * piety under Makhleb
  6386 | D:6      | Reached skill level 10 in Earth Magic
  6540 | D:6      | Reached skill level 5 in Shields
  6885 | D:6      | Learned a level 5 spell: Lee's Rapid Deconstruction
  7128 | D:7      | Gained mutation: You passively map the area around you. [Deep Dwarf growth]
  7128 | D:7      | Reached XP level 9. HP: 64/78 MP: 0/12
  7504 | D:7      | Found Juru's Armour Shop.
  7608 | D:7      | Bought a +2 pair of boots of stealth for 236 gold pieces
  7716 | D:7      | Found a runed door.
  7816 | D:7      | Found a stormy altar of Qazlal.
  8037 | D:7      | Found a sparkling altar of Nemelex Xobeh.
  8168 | D:7      | Noticed Crazy Yiuf
  8172 | D:7      | Killed Crazy Yiuf
  8172 | D:7      | Reached skill level 1 in Invocations
  8479 | D:8      | Reached skill level 11 in Earth Magic
  8601 | D:8      | Reached ** piety under Makhleb
  8798 | D:8      | Noticed a two-headed ogre
  8959 | D:8      | Reached skill level 5 in Fighting
  8962 | D:8      | Killed a two-headed ogre
  8962 | D:8      | Reached skill level 5 in Short Blades
  9081 | D:8      | Found Fazib's Gadget Shoppe.
  9115 | D:8      | Paralysed by a hornet for 2 turns
  9120 | D:8      | Reached skill level 12 in Earth Magic
  9120 | D:8      | Reached XP level 10. HP: 40/88 MP: 3/12
 10220 | D:9      | Found a staircase to the Lair.
 10398 | D:9      | Reached skill level 5 in Invocations
 10454 | D:9      | Found a hide-covered altar of Uskayaw.
 10458 | D:9      | Noticed a dagger
 10458 | D:9      | Noticed a hand axe
 10628 | D:9      | Reached *** piety under Makhleb
 10801 | D:9      | Reached skill level 13 in Earth Magic
 11100 | D:9      | Found a radiant altar of Vehumet.
 11145 | D:9      | Found Orchurph's Weapon Boutique.
 11802 | D:10     | Entered Level 10 of the Dungeon
 12524 | D:10     | Found a staircase to the Orcish Mines.
 12582 | D:10     | Killed an unseen horror
 12582 | D:10     | Reached XP level 11. HP: 74/99 MP: 5/14
 12938 | D:11     | Noticed a green ugly thing
 12953 | D:11     | Killed a green ugly thing
 13113 | D:11     | Noticed a white ugly thing
 13117 | D:11     | Killed a white ugly thing
 13247 | D:11     | Reached skill level 14 in Earth Magic
 13352 | D:11     | Learned a level 2 spell: Passwall
 13364 | D:11     | Reached **** piety under Makhleb
 14640 | Lair:1   | Entered Level 1 of the Lair of Beasts
 14654 | Lair:1   | Found a frozen archway.
 14663 | IceCv    | Entered an ice cave
 14807 | IceCv    | Got a coiled wooden ring
 14809 | IceCv    | Identified the ring "Emomasid" {rN+ Stlth+} (You found it in an ice cave)
 14956 | IceCv    | Noticed a death yak
 14985 | IceCv    | Killed a death yak
 15142 | IceCv    | Reached XP level 12. HP: 57/109 MP: 2/16
 15388 | IceCv    | Reached ***** piety under Makhleb
 15403 | IceCv    | Reached skill level 15 in Earth Magic
 15624 | IceCv    | Noticed a frost giant
 16411 | Lair:1   | Noticed a five-headed hydra
 16430 | Lair:1   | Killed a five-headed hydra
 16782 | Lair:1   | Learned a level 4 spell: Petrify
 18124 | Lair:2   | Got a jewelled plate armour
 18125 | Lair:2   | Identified the +7 plate armour of the First Shrikes {*Slow rC+++ Int-3 Dex+6} (You found it on level 2 of the Lair of Beasts)
 18273 | Lair:2   | Reached skill level 16 in Earth Magic
 18372 | Lair:2   | Noticed an eight-headed hydra
 18498 | Lair:2   | Killed an eight-headed hydra
 18498 | Lair:2   | Reached skill level 1 in Evocations
 18529 | Lair:2   | Identified the Compendium of Confrontation and the Volcanoes
 18653 | Lair:2   | Found a staircase to the Swamp.
 19422 | Lair:2   | Got a pair of distressingly furry gloves
 19752 | Lair:3   | Reached XP level 13. HP: 118/118 MP: 7/14
 20145 | Lair:3   | Reached skill level 10 in Shields
 20817 | Lair:4   | Found a hole to the Spider Nest.
 20857 | Lair:4   | Reached skill level 10 in Invocations
 21237 | Lair:4   | Identified the +1 pair of gloves of the Empire {MR+ Dex-2 SInv} (You found it on level 2 of the Lair of Beasts)
 21404 | D:7      | Bought a +2 shield of fire resistance for 236 gold pieces
 21404 | D:7      | Bought a +3 leather armour of magic resistance for 264 gold pieces
 21557 | Lair:4   | HP: 1/118 [catoblepas (14)]
 22629 | Lair:5   | Reached skill level 17 in Earth Magic
 22788 | Lair:5   | Learned a level 2 spell: Swiftness
 23109 | Lair:5   | Reached skill level 5 in Spellcasting
 23915 | Lair:6   | Entered Level 6 of the Lair of Beasts
 23948 | Lair:6   | Found a staircase to the Slime Pits.
 24155 | Lair:6   | Reached skill level 5 in Evocations
 25025 | Lair:6   | Gained mutation: You resist negative energy. (rN+) [Deep Dwarf growth]
 25025 | Lair:6   | Reached XP level 14. HP: 101/129 MP: 1/16
 26227 | Lair:6   | Found a large runed door.
 26227 | Lair:6   | Found a large runed door.
 26451 | Lair:6   | Got a coiled iron ring
 27452 | D:12     | Reached skill level 18 in Earth Magic
 27894 | D:12     | Identified the ring of Tydeqate {Ice rElec rN++ Str+2 Dex+2} (You found it on level 6 of the Lair of Beasts)
 28384 | D:12     | Noticed Frances
 28394 | D:12     | Killed Frances
 28989 | Orc:1    | Entered Level 1 of the Orcish Mines
 29043 | Orc:1    | Reached ****** piety under Makhleb
 29182 | Orc:1    | Noticed a stone giant
 29201 | Orc:1    | Noticed Harold
 29261 | Orc:1    | Found a flagged portal.
 29267 | Bailey   | Entered a bailey
 29979 | Orc:1    | Killed Harold
 30546 | Orc:2    | Entered Level 2 of the Orcish Mines
 31885 | Orc:2    | Found a roughly hewn altar of Beogh.
 31886 | Orc:2    | Noticed an orc warlord
 32139 | Orc:2    | Killed a stone giant
 32495 | Orc:2    | Found a staircase to the Elven Halls.
 32575 | Orc:2    | Reached skill level 1 in Armour
 32901 | Orc:2    | Got a faintly glowing falchion {drain}
 32904 | Orc:2    | Identified the +2 falchion of Thoughtfulness {drain, +Rage rC+ Int-4 Dex+3} (You took it off an orc warrior on level 2 of the Orcish Mines)
 32912 | Orc:2    | Noticed Nessos
 32940 | Orc:2    | Killed Nessos
 33025 | Orc:2    | Noticed an orc warlord
 33358 | Orc:2    | Killed an orc warlord
 33692 | Orc:2    | Found a roughly hewn altar of Beogh.
 33698 | Orc:2    | Reached skill level 10 in Fighting
 34124 | Orc:2    | Found Xitteloug's Assorted Antiques.
 34138 | Orc:2    | Bought an ichor-stained helmet for 218 gold pieces
 34138 | Orc:2    | Bought a scroll of identify for 46 gold pieces
 34138 | Orc:2    | Bought a short smoking staff for 276 gold pieces
 34138 | Orc:2    | Bought a potion of heal wounds for 115 gold pieces
 34148 | Orc:2    | Identified the +1 helmet of the Guardian {Str+3 Int+3} (You bought it in a shop on level 2 of the Orcish Mines)
 34177 | Orc:2    | Found Ropn's Book Shop.
 34182 | Orc:2    | Bought a book of Annihilations for 1656 gold pieces
 34206 | Orc:2    | Reached XP level 15. HP: 138/138 MP: 1/13
 34562 | Orc:2    | Reached skill level 1 in Conjurations
 34793 | Orc:2    | Killed an orc warlord
 35075 | Orc:2    | Found Wuoxuvu's Distillery.
 35142 | Orc:2    | Reached skill level 19 in Earth Magic
 35218 | Orc:2    | Gained mutation: You tend to lose your temper in combat. [a neqoxec]
 35240 | Orc:2    | Found Hegawit's Food Boutique.
 36552 | D:13     | Found Didd's Food Shop.
 37343 | D:14     | Found Arghuetsi's Antique Weapon Shoppe.
 37776 | D:14     | Found a glowing golden altar of the Shining One.
 37821 | D:14     | Found an ancient bone altar of Kikubaaqudgha.
 38366 | D:14     | Found a gate to the Vaults.
 38595 | D:15     | Entered Level 15 of the Dungeon
 38595 | D:15     | Found Oneesakh's General Store.
 38956 | D:15     | Found a staircase to the Depths.
 40472 | D:15     | Reached skill level 5 in Dodging
 40798 | D:15     | Found a snail-covered altar of Cheibriados.
 41042 | Swamp:1  | Entered Level 1 of the Swamp
 41042 | Swamp:1  | Noticed a thorn hunter
 41201 | Lair:2   | Killed a thorn hunter
 43065 | Swamp:1  | Reached XP level 16. HP: 147/147 MP: 4/12
 43087 | Swamp:1  | Got a warped leather armour
 44420 | Swamp:2  | Reached skill level 5 in Conjurations
 44567 | Swamp:2  | Noticed a thorn hunter
 44604 | Swamp:2  | Killed a thorn hunter
 44685 | Swamp:2  | Noticed a thorn hunter
 44703 | Swamp:2  | Killed a thorn hunter
 45859 | Swamp:3  | Reached skill level 20 in Earth Magic
 47191 | Swamp:4  | Entered Level 4 of the Swamp
 47195 | Swamp:4  | Noticed a thorn hunter
 47322 | Swamp:4  | Noticed a thorn hunter
 47339 | Swamp:3  | Killed a thorn hunter
 47365 | Swamp:4  | Noticed a thorn hunter
 47926 | Swamp:4  | Noticed Bai Suzhen
 48108 | Swamp:4  | Killed a thorn hunter
 48199 | Swamp:4  | Mangled by a tyrant leech

Vault maps used:
D:1:      lemuel_arrival_rhombus
D:2:      marbit_many_paths, minmay_misc_feat_cross, uniq_robin
D:3:      led_xom_imps, grunt_dithmenos_smoke_and_mirrors, uniq_ijyb
D:4:      old_standard_altar, minmay_temple_entry_statues_fountains,
          first_ration
D:5:      kennysheep_little_box, lemuel_tele_altar, uniq_grinder
D:6:      uniq_eustachio
D:7:      kennysheep_mini_moat, serial_shops, nicolae_shop_statue_plus,
          nemelex_altar_shiori, uniq_crazy_yiuf_cottage
D:8:      serial_shops, shop
D:9:      dancing_weapons_uskayaw, old_standard_altar, minmay_lair_entry_lava,
          serial_shops, shop_fountains, serial_co_window_serial,
          co_window_paths_b, co_window_corner_a, co_window_of_opportunity_a,
          co_window_paths_a, co_window_of_opportunity_a, co_window_paths_a,
          co_window_broadway_b, co_window_corner_b, co_window_cross_2,
          co_window_unsneaky_path_a, grunt_pizzeria
D:10:     orc_0_dummy, hangedman_abyss_or_decor_lesser_grid
D:12:     uniq_frances
D:13:     serial_shops, shop
D:14:     david_vaults_4, tso_altar, basic_altar, serial_shops, shop
D:15:     grunt_enter_depths_hoard, lemuel_coloured_pillars_altar, serial_shops,
          shop_fountains
Temple:   eino_temple_lava
Lair:1:   portal_ice_cave_entry_pillars_2, nicolae_volcano_entry_hallway
Lair:2:   nicolae_swamp_entry_splash_gauntlet, grunt_megastairs_2,
          lemuel_fruit_fields, serial_bayou_shore_a, minmay_lair_oklob_chamber
Lair:4:   nzn_motion_control, spider_nest_entry_rubble
Lair:6:   cheibrodos_lair_end_hotspot, dpeg_slime_entry_corner, st_stairs_11,
          lookout_lair_type
Swamp:1:  evilmike_swamp_ruin_house_5, swamp_pool3, infiniplex_staircase_pool
Swamp:2:  evilmike_swamp_ruin_house_2
Swamp:3:  evilmike_swamp_ruin_wall
Swamp:4:  swamp, uniq_bai_suzhen, uniq_nikola
Orc:1:    enter_bailey_3, uniq_harold
Orc:2:    pubby_orc_utopia, uniq_nessos
Bailey:   bailey_axe_1, bailey
IceCv:    ice_cave_caverns_03

Skill      XL: |  1  2  3  4  5  6  7  8  9 10 11 12 13 14 15 16 |
---------------+-------------------------------------------------+-----
Earth Magic    | 5 6 7 8 10 12 13 14 16 17 18 19 20 | 20.4
Shields        | 1 2 4 5 6 7 8 9 10 11 12 13 | 13.1
Short Blades   | 1 2 3 4 5 6 7 8 |  8.0
Fighting       | 1 2 3 4 5 6 7 8 9 10 | 10.9
Throwing       | 1 |  1.0
Stealth        | 3 |  3.0
Spellcasting   | 2 3 4 5 6 7 |  7.0
Dodging        | 3 5 6 |  6.0
Invocations    | 3 6 8 9 11 12 13 | 13.0
Evocations     | 2 5 8 9 |  9.0
Armour         | 1 4 |  4.9
Conjurations   | 4 6 |  6.7
Transmutations | |  0.8

Action                   |  1- 3 |  4- 6 |  7- 9 | 10-12 | 13-15 | 16-18 || total
-------------------------+-------+-------+-------+-------+-------+-------++-------
Melee: Dagger            |    54 |    46 |    78 |   131 |       |       ||   309
       Whip              |    30 |       |       |       |       |       ||    30
       Unarmed           |     5 |       |       |       |       |       ||     5
       Rapier            |       |       |       |   316 |  1783 |   576 ||  2675
       Staff             |       |       |       |     8 |       |       ||     8
 Cast: Sandblast         |    10 |    23 |   118 |   145 |   353 |     1 ||   650
       Stone Arrow       |       |    35 |    43 |   153 |   385 |    24 ||   640
       Lee's Rapid Decon |       |       |    10 |    34 |    59 |       ||   103
       Petrify           |       |       |       |     1 |    46 |    60 ||   107
       Swiftness         |       |       |       |       |     2 |       ||     2
Invok: Lesser Servant of |       |       |       |     7 |     2 |       ||     9
       Greater Servant o |       |       |       |       |     1 |       ||     1
 Abil: Heal Wounds       |     2 |     3 |     4 |    12 |    37 |    21 ||    79
Evoke: Sack of spiders   |       |       |       |     6 |       |       ||     6
       Wand              |       |       |       |    11 |    47 |     4 ||    62
  Use: Scroll            |       |     8 |    10 |    11 |    42 |     2 ||    73
       Potion            |       |       |     1 |     7 |    17 |     6 ||    31
 Stab: Sleeping          |     6 |     9 |     4 |     9 |    10 |       ||    38
       Distracted        |       |     1 |       |       |     2 |       ||     3
       Petrified         |       |       |       |     5 |   117 |    86 ||   208
       Petrifying        |       |       |       |       |     4 |    13 ||    17
       Invisible         |       |       |       |       |     1 |     3 ||     4
  Eat: Chunk             |     2 |     9 |    20 |    41 |    62 |    10 ||   144
       Ration            |       |     1 |     2 |     6 |    13 |     4 ||    26
Armor: Robe              |    14 |     8 |    20 |   117 |       |       ||   159
       Scale mail        |       |       |    12 |       |       |       ||    12
       Skin              |       |       |     3 |    54 |    54 |       ||   111
       Ring mail         |       |       |       |    70 |    44 |       ||   114
       Leather armour    |       |       |       |       |   339 |   215 ||   554
Dodge: Dodged            |    42 |    31 |    81 |   239 |   508 |   308 ||  1209
Block: Buckler           |       |       |    27 |    91 |       |       ||   118
       Shield            |       |       |       |   119 |  1363 |   584 ||  2066

Table legend:
 A = Spawn XP
 B = Non-spawn XP
 C = Spawn XP percentage of total XP
 D = Spawn monster count
 E = Non-spawn monster count
 F = Spawn count percentage of total count
 G = Total turns spent on level
                    A         B        C        D         E        F      G
               +---------+---------+-------+---------+---------+-------+---------
         Total |       0 |  198500 |   0.0 |       0 |    1029 |   0.0 | 48199
               +---------+---------+-------+---------+---------+-------+---------
           D:1 |       0 |      44 |   0.0 |       0 |      29 |   0.0 |  1023
           D:2 |       0 |     138 |   0.0 |       0 |      37 |   0.0 |  1779
           D:3 |       0 |     536 |   0.0 |       0 |      24 |   0.0 |   990
           D:4 |       0 |     182 |   0.0 |       0 |      13 |   0.0 |  1193
           D:5 |       0 |     718 |   0.0 |       0 |      17 |   0.0 |   812
           D:6 |       0 |    1096 |   0.0 |       0 |      24 |   0.0 |  1239
           D:7 |       0 |     740 |   0.0 |       0 |      21 |   0.0 |  1370
           D:8 |       0 |    3441 |   0.0 |       0 |      48 |   0.0 |  2126
           D:9 |       0 |    2838 |   0.0 |       0 |      31 |   0.0 |  1702
          D:10 |       0 |    1529 |   0.0 |       0 |      15 |   0.0 |  1128
          D:11 |       0 |    5845 |   0.0 |       0 |      41 |   0.0 |  2026
          D:12 |       0 |   11049 |   0.0 |       0 |      55 |   0.0 |  2159
          D:13 |       0 |    9560 |   0.0 |       0 |      47 |   0.0 |  1175
          D:14 |       0 |    4453 |   0.0 |       0 |      14 |   0.0 |  1642
          D:15 |       0 |    7706 |   0.0 |       0 |      15 |   0.0 |  2008
        Lair:1 |       0 |    3672 |   0.0 |       0 |      15 |   0.0 |  1756
        Lair:2 |       0 |   17398 |   0.0 |       0 |      53 |   0.0 |  3043
        Lair:3 |       0 |    3160 |   0.0 |       0 |      15 |   0.0 |  1155
        Lair:4 |       0 |    9972 |   0.0 |       0 |      33 |   0.0 |  1541
        Lair:5 |       0 |    5232 |   0.0 |       0 |      12 |   0.0 |  1493
        Lair:6 |       0 |   17457 |   0.0 |       0 |      56 |   0.0 |  2681
       Swamp:1 |       0 |   13590 |   0.0 |       0 |      42 |   0.0 |  1767
       Swamp:2 |       0 |   19633 |   0.0 |       0 |      42 |   0.0 |  1822
       Swamp:3 |       0 |   17601 |   0.0 |       0 |      39 |   0.0 |  1808
       Swamp:4 |       0 |    4780 |   0.0 |       0 |      12 |   0.0 |   228
         Orc:1 |       0 |    5195 |   0.0 |       0 |      74 |   0.0 |  1917
         Orc:2 |       0 |   22523 |   0.0 |       0 |     138 |   0.0 |  4563
        Bailey |       0 |    1274 |   0.0 |       0 |      32 |   0.0 |   552
         IceCv |       0 |    7138 |   0.0 |       0 |      35 |   0.0 |  1428
               +---------+---------+-------+---------+---------+-------+---------
